TOP OF THE 1ST |
California Angels batting - Pitching for New York Yankees : LHP Rick Honeycutt
|
Pitching: LHP Rick Honeycutt
|
|
Batting: RHB Frank White
|
0-0: Called Strike 0-1: Ball 1-1: Foul Ball, location: 2F 1-2: SINGLE (Groundball, 6D, EV 97.5 MPH)
|
Batting: RHB Jeff Atherton
|
0-0: Swinging Strike 0-1: Ball 1-1: Fielders Choice at 2nd, 1-6 (Groundball, 34S, EV 65.6 MPH)
|
Batting: SHB Jon Hernandez
|
0-0: Called Strike 0-1: Foul Ball, location: 2F 0-2: Foul Ball, location: 2F 0-2: Fly out, F9 (Flyball, 9S, EV 82.5 MPH)
|
Batting: RHB Charlie Moore
|
0-0: Ball 1-0: Foul Ball, location: 2F 1-1: Called Strike 1-2: Strikes out swinging
|
Top of the 1st over - 0 runs, 1 hit, 0 errors, 1 left on base; California 0 - New York 0 |
BOTTOM OF THE 1ST |
New York Yankees batting - Pitching for California Angels : LHP Bob McClure
|
Pitching: LHP Bob McClure
|
|
Batting: LHB Wade Boggs
|
0-0: Ball 1-0: Called Strike 1-1: Ball 2-1: SINGLE (Line Drive, 78S, EV 93.8 MPH)
|
Batting: SHB Willie Wilson
|
0-0: Ball 1-0: Ball 2-0: SINGLE (Line Drive, 9S, EV 95.0 MPH) Wade Boggs to second Wade Boggs to third
|
Batting: LHB Kent Hrbek
|
0-0: Ball 1-0: Called Strike 1-1: Ball Willie Wilson steals 2nd base 2-1: Fly out, F9 (Flyball, 9S, EV 84.4 MPH)
|
Batting: LHB George Kaage
|
0-0: Ball 1-0: Foul Ball, location: 2F 1-1: Ball 2-1: Foul Ball, location: 2F 2-2: Ball 3-2: Fly out, F9 (Flyball, 9LD, EV 86.3 MPH) Runner from 3rd tags up, SCORES, no throw by RF Willie Wilson to third
|
Batting: RHB Pedro Guerrero
|
0-0: Swinging Strike 0-1: SINGLE (Flyball, 3D, EV 86.3 MPH) Willie Wilson scores
|
Batting: LHB Mario Cabrera
|
0-0: Called Strike 0-1: Ground out 4-3 (Groundball, 4, EV 106.9 MPH)
|
Bottom of the 1st over - 2 runs, 3 hits, 0 errors, 1 left on base; California 0 - New York 2 |
TOP OF THE 2ND |
California Angels batting - Pitching for New York Yankees : LHP Rick Honeycutt
|
Batting: LHB Brian Rosinski
|
0-0: Foul Ball, location: 2F 0-1: SINGLE (Groundball, 3D, EV 103.8 MPH)
|
Batting: RHB Carlos Pimentel
|
0-0: SINGLE (Line Drive, 6D, EV 98.1 MPH) Brian Rosinski to second Runner from 2nd tries for 3rd, SAFE, no throw by LF
|
Batting: RHB Tom Tostenson
|
0-0: Fly out, F8 (Flyball, 8LD, EV 96.9 MPH) Runner from 3rd tags up, SCORES, no throw by CF
|
Batting: RHB Mike Bishop
|
0-0: Fly out, F8 (Flyball, 89M, EV 93.1 MPH)
|
Batting: SHB Ignacio Medina
|
0-0: Ball 1-0: SINGLE (Flyball, 8LS, EV 92.5 MPH) Carlos Pimentel to second Runner from 2nd tries for 3rd, SAFE, throw by CF made to third
|
Batting: RHB Frank White
|
0-0: Ball 1-0: Ball 2-0: Ball 3-0: Called Strike 3-1: Foul Ball, location: 2F 3-2: Ground out 4-3 (Groundball, 4, EV 90.6 MPH)
|
Top of the 2nd over - 1 run, 3 hits, 0 errors, 2 left on base; California 1 - New York 2 |
BOTTOM OF THE 2ND |
New York Yankees batting - Pitching for California Angels : LHP Bob McClure
|
Batting: RHB Rod Allen
|
0-0: Swinging Strike 0-1: Swinging Strike 0-2: Fly out, F9 (Flyball, 9LS, EV 91.3 MPH)
|
Batting: LHB Ron Hassey
|
0-0: Fly out, F8 (Flyball, 8LS, EV 71.9 MPH)
|
Batting: RHB Emanuel Cortez
|
0-0: Ball 1-0: Called Strike 1-1: Called Strike 1-2: Ball 2-2: Ball 3-2: Base on Balls
|
Batting: LHB Wade Boggs
|
0-0: Ball 1-0: Ball 2-0: Ball 3-0: Called Strike 3-1: Swinging Strike 3-2: Fly out, F7 (Flyball, 78D, EV 96.3 MPH)
|
Bottom of the 2nd over - 0 runs, 0 hits, 0 errors, 1 left on base; California 1 - New York 2 |
TOP OF THE 3RD |
California Angels batting - Pitching for New York Yankees : LHP Rick Honeycutt
|
Batting: RHB Jeff Atherton
|
0-0: Fly out, F8 (Line Drive, 8LD, EV 91.9 MPH)
|
Batting: SHB Jon Hernandez
|
0-0: Ball 1-0: Ball 2-0: Fly out, F9 (Flyball, 9LS, EV 89.4 MPH)
|
Batting: RHB Charlie Moore
|
0-0: Foul Ball, location: 2F 0-1: Ground out 6-3 (Groundball, 6, EV 91.3 MPH)
|
Top of the 3rd over - 0 runs, 0 hits, 0 errors, 0 left on base; California 1 - New York 2 |
BOTTOM OF THE 3RD |
New York Yankees batting - Pitching for California Angels : LHP Bob McClure
|
Batting: SHB Willie Wilson
|
0-0: Called Strike 0-1: Fly out, F7 (Flyball, 7D, EV 92.5 MPH)
|
Batting: LHB Kent Hrbek
|
0-0: Fly out, F5 (Line Drive, 5, EV 68.8 MPH)
|
Batting: LHB George Kaage
|
0-0: Ball 1-0: Swinging Strike 1-1: Ball 2-1: SINGLE (Groundball, 3D, EV 98.1 MPH)
|
Batting: RHB Pedro Guerrero
|
0-0: Called Strike 0-1: Ball 1-1: Ball 2-1: Foul Ball, location: 2F 2-2: Foul Ball, location: 2F 2-2: Fly out, F8 (Flyball, 89M, EV 90.6 MPH)
|
Bottom of the 3rd over - 0 runs, 1 hit, 0 errors, 1 left on base; California 1 - New York 2 |
TOP OF THE 4TH |
California Angels batting - Pitching for New York Yankees : LHP Rick Honeycutt
|
Batting: LHB Brian Rosinski
|
0-0: Swinging Strike 0-1: Ball 1-1: Ball 2-1: Ball 3-1: Foul Ball, location: 2F 3-2: Foul Ball, location: 2F 3-2: Strikes out swinging
|
Batting: RHB Carlos Pimentel
|
0-0: Swinging Strike 0-1: Ball 1-1: Foul Ball, location: 2F 1-2: SINGLE (Groundball, 6MD, EV 101.3 MPH)
|
Batting: RHB Tom Tostenson
|
0-0: Ball 1-0: Called Strike Carlos Pimentel steals 2nd base (no throw) 1-1: Fly out, F4 (Line Drive, 4, EV 68.1 MPH)
|
Batting: RHB Mike Bishop
|
0-0: Ball 1-0: Fly out, F9 (Flyball, 9, EV 83.8 MPH)
|
Top of the 4th over - 0 runs, 1 hit, 0 errors, 1 left on base; California 1 - New York 2 |
BOTTOM OF THE 4TH |
New York Yankees batting - Pitching for California Angels : LHP Bob McClure
|
Batting: LHB Mario Cabrera
|
0-0: Ball 1-0: Swinging Strike 1-1: Fly out, F8 (Flyball, 8RS, EV 90.0 MPH)
|
Batting: RHB Rod Allen
|
0-0: Called Strike 0-1: Called Strike 0-2: Fly out, F5 (Popup, 5S, EV 80.0 MPH)
|
Batting: LHB Ron Hassey
|
0-0: Ball 1-0: Foul Ball, location: 2F 1-1: Foul Ball, location: 2F 1-2: Ball 2-2: Fly out, F6 (Popup, 6M, EV 65.6 MPH)
|
Bottom of the 4th over - 0 runs, 0 hits, 0 errors, 0 left on base; California 1 - New York 2 |
TOP OF THE 5TH |
California Angels batting - Pitching for New York Yankees : LHP Rick Honeycutt
|
Batting: SHB Ignacio Medina
|
0-0: Called Strike 0-1: Called Strike 0-2: Foul Ball, location: 2F 0-2: Ball 1-2: Strikes out swinging
|
Batting: RHB Frank White
|
0-0: Swinging Strike 0-1: Foul Ball, location: 2F 0-2: Ball 1-2: DOUBLE (Line Drive, 89XD, EV 105.0 MPH)
|
Batting: RHB Jeff Atherton
|
0-0: Ball 1-0: DOUBLE (Line Drive, 9LD, EV 100.6 MPH) Frank White scores
|
Batting: SHB Jon Hernandez
|
0-0: Called Strike 0-1: Ball 1-1: Swinging Strike 1-2: Foul Ball, location: 2F 1-2: Ball 2-2: Foul Ball, location: 2F 2-2: Foul Ball, location: 2F 2-2: Foul Ball, location: 2F 2-2: SINGLE (Line Drive, 89S, EV 105.0 MPH) Jeff Atherton to third Runner from 3rd tries for Home, SAFE, throw by RF to home Jon Hernandez to second
|
Batting: RHB Charlie Moore
|
0-0: Called Strike 0-1: Ball 1-1: Ball 2-1: Ball 3-1: Foul Ball, location: 2F 3-2: DOUBLE (Line Drive, 7LM, EV 105.0 MPH) Jon Hernandez scores
|
Batting: LHB Brian Rosinski
|
0-0: Ball 1-0: Ball 2-0: Called Strike 2-1: Ground out 2-3 (Groundball, 2R, EV 73.1 MPH) Charlie Moore to third
|
Batting: RHB Carlos Pimentel
|
0-0: Swinging Strike 0-1: Swinging Strike 0-2: Ball 1-2: Ball 2-2: Strikes out looking
|
Top of the 5th over - 3 runs, 4 hits, 0 errors, 1 left on base; California 4 - New York 2 |
BOTTOM OF THE 5TH |
New York Yankees batting - Pitching for California Angels : LHP Bob McClure
|
Batting: RHB Emanuel Cortez
|
0-0: Ground out 4-3 (Groundball, 4MD, EV 89.4 MPH)
|
Batting: LHB Wade Boggs
|
0-0: Foul Ball, location: 2F 0-1: Ground out 4-3 (Groundball, 4, EV 103.8 MPH)
|
Batting: SHB Willie Wilson
|
0-0: Ball 1-0: Ground out 5-3 (Groundball, 56, EV 104.4 MPH)
|
Bottom of the 5th over - 0 runs, 0 hits, 0 errors, 0 left on base; California 4 - New York 2 |
TOP OF THE 6TH |
California Angels batting - Pitching for New York Yankees : LHP Rick Honeycutt
|
Batting: RHB Tom Tostenson
|
0-0: Ball 1-0: Called Strike 1-1: Foul Ball, location: 2F 1-2: Fly out, F8 (Flyball, 8LD, EV 92.5 MPH)
|
Batting: RHB Mike Bishop
|
0-0: Called Strike 0-1: Ball 1-1: Foul Ball, location: 2F 1-2: Strikes out swinging
|
Batting: SHB Ignacio Medina
|
0-0: Foul Ball, location: 2F 0-1: Ball 1-1: Swinging Strike 1-2: Strikes out swinging
|
Top of the 6th over - 0 runs, 0 hits, 0 errors, 0 left on base; California 4 - New York 2 |
BOTTOM OF THE 6TH |
New York Yankees batting - Pitching for California Angels : LHP Bob McClure
|
Pitching: RHP Dennis Lamp
|
|
Batting: LHB Kent Hrbek
|
0-0: Ball 1-0: Swinging Strike 1-1: SINGLE (Groundball, 34D, EV 99.4 MPH)
|
Batting: LHB George Kaage
|
0-0: Foul Ball, location: 2F 0-1: Ball 1-1: Foul Ball, location: 2F 1-2: Ball 2-2: Ball 3-2: Fielders Choice at 2nd, 3-6 (Groundball, 34, EV 86.3 MPH)
|
Batting: RHB Pedro Guerrero
|
0-0: Ball 1-0: Fielders Choice at 2nd, 4-6 (Groundball, 4, EV 86.9 MPH)
|
Batting: LHB Mario Cabrera
|
0-0: Called Strike Pedro Guerrero steals 2nd base 0-1: Fly out, F6 (Flyball, 56D, EV 85.0 MPH)
|
Bottom of the 6th over - 0 runs, 1 hit, 0 errors, 1 left on base; California 4 - New York 2 |
TOP OF THE 7TH |
California Angels batting - Pitching for New York Yankees : LHP Rick Honeycutt
|
Batting: RHB Frank White
|
0-0: Ball 1-0: Ball 2-0: Ball 3-0: Base on Balls
|
Batting: RHB Jeff Atherton
|
0-0: Ball 1-0: Bunted foul 1-1: Sac Bunt to 15S - play at first, batter OUT! 1-4 Frank White to second
|
Batting: SHB Jon Hernandez
|
0-0: Intentional Walk
|
Batting: RHB Charlie Moore
|
0-0: Ball 1-0: Called Strike 1-1: Ball 2-1: Ball 3-1: Fly out, F9 (Flyball, 9D, EV 104.4 MPH) Runner from 2nd tags up, SAFE at 3rd, no throw by RF
|
Batting: LHB Brian Rosinski
|
0-0: Called Strike 0-1: Called Strike 0-2: Ground out 4-3 (Groundball, 4, EV 98.1 MPH)
|
Top of the 7th over - 0 runs, 0 hits, 0 errors, 2 left on base; California 4 - New York 2 |
BOTTOM OF THE 7TH |
New York Yankees batting - Pitching for California Angels : RHP Dennis Lamp
|
Batting: RHB Rod Allen
|
0-0: Swinging Strike 0-1: Ball 1-1: Foul Ball, location: 2F 1-2: Ball 2-2: Strikes out swinging
|
Batting: LHB Ron Hassey
|
0-0: Ball 1-0: Fly out, F3 (Flyball, 3D, EV 90.6 MPH)
|
Batting: RHB Emanuel Cortez
|
0-0: Ball 1-0: Ball 2-0: Called Strike 2-1: Foul Ball, location: 2F 2-2: Foul Ball, location: 2F 2-2: Fly out, F6 (Line Drive, 6, EV 73.1 MPH)
|
Bottom of the 7th over - 0 runs, 0 hits, 0 errors, 0 left on base; California 4 - New York 2 |
TOP OF THE 8TH |
California Angels batting - Pitching for New York Yankees : LHP Rick Honeycutt
|
Pitching: RHP Camilo Aprgio
|
|
Batting: RHB Carlos Pimentel
|
0-0: Ball 1-0: Ball 2-0: Fly out, F3 (Line Drive, 3, EV 70.0 MPH)
|
Batting: RHB Tom Tostenson
|
0-0: Fly out, F9 (Flyball, 9D, EV 97.5 MPH)
|
Batting: RHB Mike Bishop
|
0-0: Ball 1-0: Ball 2-0: Ball 3-0: Called Strike 3-1: Base on Balls
|
Batting: SHB Ignacio Medina
|
0-0: Swinging Strike 0-1: Ball 1-1: Called Strike 1-2: SINGLE (Groundball, 34D, EV 100.6 MPH) Mike Bishop to second Runner from 2nd tries for 3rd, OUT! 9-5
|
Top of the 8th over - 0 runs, 1 hit, 0 errors, 1 left on base; California 4 - New York 2 |
BOTTOM OF THE 8TH |
New York Yankees batting - Pitching for California Angels : RHP Dennis Lamp
|
Batting: LHB Wade Boggs
|
0-0: Called Strike 0-1: Fly out, F7 (Flyball, 7D, EV 87.5 MPH)
|
Batting: SHB Willie Wilson
|
0-0: Ball 1-0: Called Strike 1-1: Foul Ball, location: 2F 1-2: Ball 2-2: SINGLE (Groundball, 56D, EV 96.9 MPH)
|
Batting: LHB Kent Hrbek
|
0-0: Ball 1-0: Fly out, F6 (Popup, 6S, EV 65.6 MPH)
|
Pitching: RHP Jerry Reed
|
|
Batting: LHB George Kaage
|
0-0: Ball 1-0: Ball 2-0: Ground out 4-3 (Groundball, 4, EV 105.0 MPH)
|
Bottom of the 8th over - 0 runs, 1 hit, 0 errors, 1 left on base; California 4 - New York 2 |
TOP OF THE 9TH |
California Angels batting - Pitching for New York Yankees : RHP Camilo Aprgio
|
Batting: RHB Frank White
|
0-0: Called Strike 0-1: Foul Ball, location: 2F 0-2: Strikes out looking
|
Batting: RHB Jeff Atherton
|
0-0: Ball 1-0: Called Strike 1-1: Foul Ball, location: 2F 1-2: Ball 2-2: Foul Ball, location: 2F 2-2: Ball 3-2: Base on Balls
|
Batting: SHB Jon Hernandez
|
0-0: Ball 1-0: Called Strike 1-1: Fielders Choice at 2nd, 4-6 (Groundball, 4MS, EV 86.9 MPH)
|
Batting: RHB Charlie Moore
|
0-0: Called Strike 0-1: Foul Ball, location: 2F 0-2: Ball 1-2: Fly out, F4 (Popup, 34D, EV 66.9 MPH)
|
Top of the 9th over - 0 runs, 0 hits, 0 errors, 1 left on base; California 4 - New York 2 |
BOTTOM OF THE 9TH |
New York Yankees batting - Pitching for California Angels : RHP Jerry Reed
|
Batting: RHB Pedro Guerrero
|
0-0: Ground out U3 (Groundball, 34, EV 81.9 MPH)
|
Batting: LHB Mario Cabrera
|
0-0: Ball 1-0: Ball 2-0: Ball 3-0: Called Strike 3-1: Base on Balls
|
Pinch Hitting: SHB Tim Raines
|
0-0: Called Strike 0-1: Ball 1-1: Ball 2-1: Ball 3-1: Called Strike 3-2: Fly out, F9 (Flyball, 89D, EV 93.8 MPH)
|
Batting: LHB Ron Hassey
|
0-0: Ball 1-0: Ball 2-0: Ball 3-0: Called Strike 3-1: Base on Balls Mario Cabrera to second
|
Batting: RHB Emanuel Cortez
|
0-0: Ball 1-0: Called Strike 1-1: Ball 2-1: Foul Ball, location: 2F 2-2: Strikes out swinging
|
Bottom of the 9th over - 0 runs, 0 hits, 0 errors, 2 left on base; California 4 - New York 2 |
|